Map: Frozen Temple

Players

eXtreme

  • Race: Protoss Protoss

A.I. 1 (Very Hard) - Winner!

  • Race: Protoss Protoss

VOD

Have the link to the VOD?

Description

Time

  • Played on: Nov. 18, 2016, 3:23 a.m.
  • Length: 7:26
Show
View Real Time Build Order
Export as new Build Order

eXtreme Protoss 

Build Orders: Nexus First 

Get SALT Encoding   

  12  0:01  Probe (Chrono Boost)  
  13  0:11  Probe (Chrono Boost)  
  14  0:20  Pylon  
  14  0:23  Probe (Chrono Boost)  
  15  0:38  Probe (Chrono Boost)  
  16  0:49  Probe (Chrono Boost)  
  17  0:59  Probe (Chrono Boost)  
  17  1:02  Nexus  
  18  1:10  Probe (Chrono Boost)  
  19  1:14  Assimilator  
  19  1:20  Probe (Chrono Boost)  
  19  1:22  Pylon  
  20  1:31  Probe (Chrono Boost), Assimilator  
  21  1:42  Probe (Chrono Boost)  
  21  1:44  Gateway  
  22  1:52  Probe (Chrono Boost)  
  23  2:03  Probe (Chrono Boost)  
  24  2:13  Probe (Chrono Boost)  
  25  2:17  Probe (Chrono Boost)  
  26  2:29  Probe (Chrono Boost), Nexus  
  27  2:31  Probe (Chrono Boost)  
  28  2:40  Assimilator  
  28  2:48  Probe x2 (Chrono Boost)  
  30  2:54  Cybernetics Core  
  30  2:58  Probe (Chrono Boost)  
  30  2:59  Probe (Chrono Boost)  
  30  3:01  Assimilator  
  32  3:09  Probe x2 (Chrono Boost)  
  36  3:20  Probe x2 (Chrono Boost)  
  36  3:30  Probe (Chrono Boost), Stargate  
  37  3:35  Probe (Chrono Boost)  
  37  3:39  Protoss Air Weapons Level 1  
  38  3:47  Probe (Chrono Boost)  
  38  3:48  Probe x2 (Chrono Boost)  
  41  3:58  Probe x3 (Chrono Boost)  
  44  4:03  Assimilator  
  44  4:08  Probe (Chrono Boost)  
  44  4:09  Probe x2 (Chrono Boost)  
  47  4:11  Void Ray, Stargate  
  51  4:19  Probe x2 (Chrono Boost)  
  51  4:20  Probe (Chrono Boost)  
  51  4:23  Assimilator  
  54  4:30  Pylon  
  54  4:33  Probe x2 (Chrono Boost)  
  54  4:35  Probe (Chrono Boost)  
  57  4:39  Stargate  
  57  4:49  Void Ray  
  57  4:51  Void Ray  
  65  5:09  Pylon  
  65  5:11  Pylon  
  65  5:20  Void Ray  
  65  5:21  Stargate  
  65  5:24  Pylon  
  65  5:26  Pylon, Void Ray  
  69  5:29  Void Ray  
  77  5:49  Pylon  
  77  5:51  Pylon  
  77  5:55  Probe x2 (Chrono Boost), Pylon  
  80  5:57  Probe (Chrono Boost), Void Ray  
  80  6:04  Phoenix  
  86  6:06  Phoenix  
  86  6:09  Phoenix  
  90  6:27  Phoenix  
  90  6:28  Void Ray  
  90  6:29  Phoenix  
  94  6:34  Void Ray  
Show
View Real Time Build Order
Export as new Build Order

A.I. 1 (Very Hard) Protoss - Winner!

Build Orders: Colossus Rush 

Get SALT Encoding   

  12  0:01  Probe (Chrono Boost)  
  13  0:11  Probe (Chrono Boost)  
  14  0:21  Pylon  
  14  0:22  Probe (Chrono Boost)  
  15  0:39  Probe (Chrono Boost)  
  16  0:48  Assimilator  
  17  0:50  Probe (Chrono Boost)  
  17  0:51  Gateway  
  17  1:00  Probe (Chrono Boost)  
  17  1:01  Pylon  
  18  1:11  Probe (Chrono Boost)  
  19  1:21  Probe (Chrono Boost)  
  20  1:32  Probe (Chrono Boost)  
  21  1:37  Zealot  
  21  1:39  Cybernetics Core  
  23  1:43  Probe (Chrono Boost)  
  25  1:55  Probe (Chrono Boost)  
  25  2:04  Nexus  
  25  2:07  Probe (Chrono Boost)  
  26  2:09  Warp Gate  
  26  2:19  Probe (Chrono Boost)  
  26  2:20  Stalker  
  29  2:31  Probe (Chrono Boost)  
  29  2:33  Pylon  
  30  2:43  Probe (Chrono Boost)  
  31  2:45  Gateway  
  31  2:48  Assimilator  
  31  2:54  Probe (Chrono Boost)  
  31  2:55  Adept  
  34  3:03  Pylon  
  35  3:05  Probe (Chrono Boost)  
  35  3:17  Probe x2 (Chrono Boost)  
  37  3:20  Adept  
  39  3:28  Probe (Chrono Boost)  
  39  3:32  Robotics Facility  
  39  3:33  Adept  
  40  3:39  Probe (Chrono Boost)  
  44  3:41  Probe (Chrono Boost)  
  44  3:48  Forge  
  44  3:55  Adept  
  44  4:00  Probe (Chrono Boost)  
  44  4:02  Probe (Chrono Boost)  
  48  4:11  Probe (Chrono Boost)  
  48  4:13  Probe (Chrono Boost)  
  48  4:15  Adept  
  52  4:22  Probe (Chrono Boost)  
  54  4:24  Photon Cannon  
  54  4:25  Probe (Chrono Boost)  
  54  4:30  Adept  
  56  4:33  Robotics Bay  
  56  4:35  Pylon  
  56  4:37  Probe (Chrono Boost), Observer  
  58  4:39  Probe (Chrono Boost)  
  59  4:48  Robotics Facility  
  59  4:49  Probe (Chrono Boost)  
  60  4:55  Pylon  
  60  4:56  Stalker  
  62  5:00  Stalker  
  62  5:05  Probe (Chrono Boost), Pylon  
  66  5:07  Probe (Chrono Boost)  
  66  5:22  Colossus  
  72  5:28  Gateway  
  72  5:37  Zealot  
  72  5:39  Pylon  
  72  5:40  Zealot  
  76  5:45  Probe (Chrono Boost), Assimilator  
  76  5:47  Probe (Chrono Boost)  
  76  5:49  Twilight Council  
  78  5:50  Assimilator  
  78  5:55  Stalker  
  80  6:08  Probe x2 (Chrono Boost)  
  80  6:09  Pylon  
  82  6:19  Probe (Chrono Boost)  
  82  6:20  Probe (Chrono Boost)  
  84  6:29  Probe (Chrono Boost)  
  84  6:31  Templar Archives  
  85  6:33  Nexus  
  85  6:50  Forge  
  85  6:59  Pylon  
  85  7:00  Sentry  
  87  7:01  Pylon  
  87  7:04  Gateway  
  87  7:05  Stalker  
  87  7:07  High Templar  
  91  7:19  Photon Cannon  
  91  7:20  Photon Cannon  
  91  7:21  Zealot  
Tags
 
Add a new tag
Caveats
  • Supply blocks, unpowered buildings, or Contaminate may cause inaccurate times.
  • Supply counts are checked every 10 seconds.